 Dungeon Crawl Stone Soup version 0.20-b1-12-g5827e59 (webtiles) character file.

1957 ChaseSP the Cleaver (level 9, -5/111 HPs)
             Began as a Hill Orc Fighter on May 23, 2017.
             Slain by a killer bee (6 damage)
             ... on level 7 of the Dungeon.
             The game lasted 00:09:24 (5888 turns).

ChaseSP the Cleaver (Hill Orc Fighter)              Turns: 5888, Time: 00:09:24

Health: -5/111     AC: 11    Str: 25    XL:     9   Next: 19%
Magic:  9/9        EV:  8    Int:  8    God:
Gold:   283        SH:  0    Dex: 12    Spells: 8/8 levels left

rFire    . . .     SeeInvis .   u - +2 war axe (elec)
rCold    . . .     Gourm    .   (no shield)
rNeg     . . .     Faith    .   t - +0 plate armour
rPois    .         Spirit   .   (no helmet)
rElec    .         Reflect  .   (no cloak)
rCorr    .         Harm     .   (no gloves)
MR       .....                  (no boots)
Stlth    ..........             (no amulet)
Regen    0.3/turn               (no ring)
MPRegen  0.2/turn               (no ring)

@: berserking, lethally poisoned (-5 -> -6), flying, very quick
A: no striking features
a: no special abilities


You were on level 7 of the Dungeon.
You were not hungry.

You visited 1 branch of the dungeon, and saw 8 of its levels.

You collected 283 gold pieces.

Inventory:

Hand Weapons
 u - a +2 war axe of electrocution (weapon)
 x - a +4 flail of protection
Missiles
 l - 75 bolts
Armour
 t - a +0 plate armour (worn)
 w - a +3 ring mail of cold resistance
Wands
 v - a wand of digging (12/24)
Scrolls
 g - 5 scrolls of remove curse
 q - a scroll of enchant weapon
Potions
 c - a potion of brilliance
 d - 3 potions of might
 e - 3 potions of lignification
 i - a potion of haste
 s - a potion of heal wounds {unknown}
Comestibles
 a - 7 chunks of flesh
 f - 6 bread rations
 k - 2 royal jellies
 n - 8 fruits
 r - 2 meat rations


   Skills:
 - Level 5.0 Fighting
 * Level 12.8 Axes
 - Level 4.1 Armour
 + Level 3.9 Dodging
   Level 3.2 Shields


You had 8 spell levels left.
You didn't know any spells.

Dungeon Overview and Level Annotations

Branches:
Dungeon (8/15)
 Temple: D:4-7         Lair: D:8-11

Altars:
Fedhas
Nemelex Xobeh
The Shining One

Shops:
D:5 }%!

Annotations:
D:4 exclusion: oklob plant


Message History

Your magical contamination has completely faded away.
You feel a little less clever now.
* * * LOW HITPOINT WARNING * * *
You feel sick.
The kobold shouts!
The killer bee closely misses you.
The killer bee stings you but does no damage.
It was a potion of flight.
You feel very buoyant.
You fly up into the air.
The killer bee stings you but does no damage.
The killer bee stings you.
* * * LOW HITPOINT WARNING * * *
2 kobolds come into view.
It was a potion of berserk rage.
A red film seems to cover your vision as you go berserk!
You feel yourself moving faster!
You feel mighty!
The kobold shouts! x2
The killer bee stings you.
You die...

.K#.# ...# ##
K|K# .. #K.#
#K##.K#
.##...KK#
..(.....###.###
.......@.......
......y.......#
..............#
..............#
.##.##.......).
#. .........# .
:...)....# .
...########


You could see a big kobold, a killer bee and 7 kobolds.

Vanquished Creatures
  Prince Ribbit (D:5)
  Edmund (D:5)
  A black bear (D:6)
  3 phantoms
  An orc warrior (D:8)
  An ogre (D:6)
  2 centaurs (D:5)
  A bullfrog (D:8)
  7 killer bees (D:8)
  A scorpion (D:6)
  The ghost of BDFisher the Charmwright, a weakling BaSk (D:3)
  3 crimson imps (D:5)
  A centaur skeleton (D:8)
  5 hounds
  4 orc wizards
  A worker ant (D:5)
  4 adders
  An adder skeleton (D:8)
  An adder zombie (D:5)
  A worm (D:1)
  5 leopard geckos
  7 orcs
  4 giant cockroaches
  5 goblins
  9 hobgoblins
  4 jackals
  4 bats
  2 frilled lizards (D:1)
  A jackal skeleton (D:4)
  8 kobolds
  A quokka zombie (D:6)
  6 rats
97 creatures vanquished.

Vanquished Creatures (others)
  10 fungi (D:8)
  2 plants (D:8)
  9 toadstools (D:4)
21 creatures vanquished.

Grand Total: 118 creatures vanquished

Notes
Turn   | Place    | Note
-------+----------+-------------------------------------------
     0 | D:1      | ChaseSP the Hill Orc Fighter began the quest for the Orb.
     0 | D:1      | Reached XP level 1. HP: 19/19 MP: 1/1
    18 | D:1      | Reached skill level 3 in Axes
    92 | D:1      | Reached XP level 2. HP: 26/26 MP: 2/2
   416 | D:1      | Reached skill level 4 in Axes
   785 | D:2      | Reached XP level 3. HP: 31/31 MP: 3/3
   975 | D:2      | Reached skill level 5 in Axes
  1684 | D:3      | Noticed BDFisher's ghost (weakling BaSk)
  1698 | D:3      | Killed BDFisher's ghost
  1698 | D:3      | Reached skill level 6 in Axes
  1698 | D:3      | Reached XP level 4. HP: 28/39 MP: 4/4
  2011 | D:3      | Found a glowing golden altar of the Shining One.
  2479 | D:4      | Reached XP level 5. HP: 34/46 MP: 5/5
  2851 | D:4      | Found a sparkling altar of Nemelex Xobeh.
  2900 | D:4      | Reached skill level 7 in Axes
  3055 | D:4      | Found a blossoming altar of Fedhas.
  3077 | D:4      | Noticed an oklob plant
  3107 | D:4      | Noticed a phantom
  3125 | D:4      | Killed a phantom
  3125 | D:4      | Reached XP level 6. HP: 44/53 MP: 6/6
  3220 | D:4      | Noticed a phantom
  3261 | D:4      | Killed a phantom
  3261 | D:4      | Reached skill level 8 in Axes
  3563 | D:5      | Entered Level 5 of the Dungeon
  3563 | D:5      | Found Ysufur's Gadget Shop.
  3563 | D:5      | Noticed Edmund
  3575 | D:5      | Reached skill level 5 in Fighting
  3575 | D:5      | Reached XP level 7. HP: 43/61 MP: 7/7
  3591 | D:5      | Killed Edmund
  3591 | D:5      | Reached skill level 9 in Axes
  4258 | D:5      | Found Daashy's Distillery.
  4295 | D:5      | Reached skill level 10 in Axes
  4295 | D:5      | Reached skill level 1 in Dodging
  4361 | D:5      | Found Nisieg's Food Shoppe.
  4482 | D:5      | Noticed Prince Ribbit
  4491 | D:5      | Killed Prince Ribbit
  4491 | D:5      | Reached XP level 8. HP: 38/68 MP: 8/8
  5319 | D:6      | Reached skill level 11 in Axes
  5679 | D:6      | You fall through a shaft for 2 floors!
  5697 | D:8      | Reached skill level 12 in Axes
  5782 | D:8      | Noticed a wyvern
  5787 | D:8      | Reached XP level 9. HP: 50/74 MP: 9/9
  5819 | D:8      | Noticed a queen bee
  5883 | D:8      | HP: 2/74 [killer bee (4)]
  5888 | D:7      | Slain by a killer bee

Skill      XL: |  1  2  3  4  5  6  7  8 |
---------------+-------------------------+-----
Axes           | 3 4 6 7 8 10 12 | 12.8
Fighting       | 4 5 |  5.0
Armour         | 4 |  4.1
Dodging        | 1 3 |  3.9
Shields        | |  3.2

Action                   |  1- 3 |  4- 6 |  7- 9 || total
-------------------------+-------+-------+-------++-------
Melee: War axe           |   113 |   122 |   177 ||   412
  Use: Scroll            |       |     2 |     7 ||     9
       Potion            |       |     1 |    12 ||    13
  Eat: Chunk             |     3 |     5 |     8 ||    16
Armor: Scale mail        |    63 |     8 |       ||    71
       Plate armour      |       |    77 |   118 ||   195
       Chain mail        |       |     7 |       ||     7
       Ring mail         |       |       |     9 ||     9
Dodge: Dodged            |    61 |    34 |    66 ||   161
Block: Shield            |    17 |       |       ||    17
